Map: Port Aleksander LE

Players

Crito

  • Race: Zerg Zerg
  • League: Diamond
  • Spawn Location: 5:00

mogwai - Winner!

  • Race: Zerg Zerg
  • League: Diamond
  • Spawn Location: 11:00

VOD

Have the link to the VOD?

Description

Time

  • Played on: Feb. 20, 2019, 8:10 p.m.
  • Length: 11:05
Show
View Real Time Build Order
Export as new Build Order

Crito Zerg 

Build Orders: Hatch First 

Get SALT Encoding   

  12  0:00  Drone  
  13  0:12  Overlord  
  13  0:18  Drone  
  14  0:31  Drone x2  
  16  0:52  Hatchery, Drone  
  16  0:56  Drone  
  17  0:59  Drone  
  17  1:02  Extractor  
  17  1:16  Spawning Pool  
  16  1:20  Drone  
  16  1:23  Drone  
  18  1:28  Drone  
  19  1:39  Overlord  
  19  2:02  Metabolic Boost  
  19  2:04  Queen  
  19  2:06  Queen  
  23  2:15  Zergling x2  
  23  2:25  Zergling x2  
  22  2:31  Zergling x2  
  23  2:49  Zergling x4  
  18  2:58  Zergling x4  
  19  3:03  Drone  
  19  3:04  Drone  
  21  3:14  Drone x2  
  23  3:27  Drone x2  
  25  3:34  Drone x2  
  25  3:38  Drone  
  28  3:47  Drone x2  
  28  3:48  Drone  
  30  3:55  Drone x2  
  31  3:57  Drone  
  31  4:04  Overlord  
  31  4:10  Drone x2  
  31  4:13  Drone  
  33  4:27  Baneling Nest  
  33  4:28  Drone  
  33  4:33  Zergling x6  
  33  4:34  Zergling x2  
  37  4:40  Drone  
  38  4:55  Drone x3  
  38  4:56  Extractor  
  40  5:01  Roach Warren  
  40  5:03  Drone x2  
  40  5:04  Drone  
  40  5:05  Drone  
  40  5:06  Evolution Chamber, Overlord  
  42  5:08  Drone  
  42  5:11  Baneling x4  
  43  5:26  Drone  
  44  5:31  Overlord  
  44  5:37  Lair  
  44  5:40  Drone x5  
  44  5:41  Drone  
  50  5:44  Roach  
  52  5:53  Roach  
  52  5:54  Roach  
  55  5:58  Roach  
  57  6:04  Roach  
  57  6:08  Extractor  
  58  6:13  Hatchery  
  57  6:19  Roach  
  57  6:22  Overlord x2  
  59  6:35  Glial Reconstitution  
  59  6:39  Queen  
  59  6:40  Overlord x2  
  59  6:41  Extractor, Drone x3  
  59  6:42  Drone x2  
  59  6:45  Roach x5  
  75  6:50  Overseer  
  75  7:00  Roach x3  
  81  7:02  Roach  
  83  7:10  Roach x2  
  87  7:16  Roach x2  
  91  7:33  Roach x3  
  97  7:40  Zerg Missile Weapons Level 1  
  96  7:46  Overlord  
  96  7:47  Overlord x4  
  85  8:06  Roach x8  
  85  8:08  Roach  
  85  8:17  Roach x2  
  85  8:19  Roach  
  87  8:24  Roach x3  
  87  8:25  Roach x2  
  97  8:27  Roach  
  95  8:35  Roach  
  95  8:36  Roach x2  
  99  8:44  Roach  
  99  8:45  Roach x2  
  97  8:53  Roach  
  97  8:54  Roach x2  
  93  9:01  Roach  
  93  9:05  Drone  
  93  9:07  Evolution Chamber  
  91  9:15  Roach x4  
  99  9:19  Hydralisk Den  
  98  9:29  Roach x6  
  98  9:34  Drone  
  98  9:35  Drone x3  
  102  9:48  Drone  
  99  9:53  Roach x6  
  99  9:56  Zergling x2  
  99  9:58  Zergling x4  
  100  10:03  Zergling x4  
  100  10:04  Zergling x2  
  95  10:12  Zergling x2  
  78  10:17  Zergling x4  
  78  10:19  Zergling x6  
  73  10:25  Drone x2  
  70  10:32  Roach  
  74  10:40  Hydralisk  
  74  10:41  Hydralisk  
  74  10:48  Roach Warren  
Show
View Real Time Build Order
Export as new Build Order

mogwai Zerg - Winner!

Build Orders: Pool First 

Get SALT Encoding   

  12  0:19  Spawning Pool  
  11  0:24  Drone  
  11  0:28  Drone  
  13  0:33  Drone  
  14  0:41  Overlord  
  14  1:08  Zergling x6  
  17  1:21  Hatchery  
  17  1:23  Zergling x2  
  17  1:30  Zergling x2  
  18  1:39  Queen  
  20  1:48  Overlord  
  20  1:52  Drone  
  21  2:03  Drone  
  22  2:15  Drone  
  22  2:18  Queen  
  25  2:25  Drone  
  26  2:39  Drone  
  26  2:40  Drone  
  24  2:53  Drone x5  
  24  2:55  Queen  
  30  3:03  Drone x2  
  32  3:11  Overlord  
  32  3:15  Drone  
  32  3:16  Drone  
  34  3:23  Roach Warren  
  34  3:26  Evolution Chamber  
  32  3:38  Evolution Chamber  
  32  3:40  Drone x5  
  36  3:42  Spine Crawler  
  36  3:48  Zergling x4  
  34  3:57  Zergling x2  
  33  4:18  Evolution Chamber  
  33  4:20  Spine Crawler  
  33  4:22  Drone x3  
  33  4:23  Drone x2  
  36  4:39  Queen  
  36  4:43  Extractor  
  36  4:44  Extractor  
  36  4:50  Drone x3  
  36  4:51  Drone x2  
  41  4:55  Extractor  
  41  4:56  Extractor  
  41  4:58  Drone x3  
  41  4:59  Drone  
  43  5:13  Drone  
  44  5:14  Overlord x2  
  44  5:25  Overlord x2  
  44  5:29  Hatchery  
  44  5:34  Roach x3  
  44  5:35  Roach  
  51  5:43  Zerg Ground Armor Level 1  
  51  5:49  Drone x3  
  54  5:50  Drone  
  55  5:58  Zerg Missile Weapons Level 1  
  55  6:01  Lair  
  55  6:10  Drone  
  56  6:12  Drone x4  
  60  6:24  Overlord x3  
  60  6:29  Roach  
  62  6:35  Roach  
  62  6:36  Roach x2  
  69  6:40  Drone  
  69  6:41  Roach  
  69  6:45  Roach x2  
  75  6:48  Roach  
  77  7:14  Roach x2  
  77  7:15  Roach x7  
  95  7:16  Roach x3  
  101  7:22  Overlord  
  101  7:23  Overlord  
  101  7:26  Roach  
  101  7:29  Glial Reconstitution  
  103  7:31  Roach  
  103  7:46  Roach x3  
  103  7:47  Roach x3  
  103  8:08  Roach x9  
  103  8:11  Roach  
  113  8:16  Roach x2  
  105  8:44  Roach x3  
  105  8:45  Roach x7  
  105  8:46  Roach x2  
  109  8:59  Roach  
  109  9:00  Roach x4  
  115  9:12  Roach x4  
  113  9:34  Roach  
  113  9:35  Roach x3  
  113  9:37  Overlord  
  113  9:38  Hatchery  
  120  9:57  Roach x8  
  110  10:10  Roach x5  
  110  10:18  Roach  
  110  10:19  Roach x2  
  112  10:28  Roach  
  112  10:29  Roach x3  
  118  10:37  Roach  
  118  10:38  Roach x2  
Tags
 
Add a new tag
Caveats
  • Supply blocks, unpowered buildings, or Contaminate may cause inaccurate times.
  • Supply counts are checked every 10 seconds.